 Dungeon Crawl Stone Soup version 0.28.0 (webtiles) character file.

Game seed: 16735421391648819959

717 Minsecho the Chopper (level 7, 0/61 HPs)
             Began as a Hill Orc Fighter on Feb 10, 2022.
             Was a Priest of Kikubaaqudgha.
             Slain by a sky beast (1 damage)
             ... on level 6 of the Dungeon.
             The game lasted 00:10:41 (4936 turns).

Minsecho the Chopper (Hill Orc Fighter)             Turns: 4936, Time: 00:10:42

Health: 0/61       AC:  8    Str: 30    XL:     7   Next: 70%
Magic:  9/9        EV: 10    Int:  8    God:    Kikubaaqudgha [***...]
Gold:   308        SH:  5    Dex: 14    Spells: 7/9 levels left

rFire   . . .      SeeInvis .   a - +0 war axe
rCold   . . .      Faith    .   c - +0 buckler
rNeg    . . .      Spirit   .   t - +0 ring mail
rPois   .          Reflect  .   q - +0 helmet of Chimes {rCorr Str+3 Dex+4}
rElec   .          Harm     .   (no cloak)
rCorr   +          Rampage  .   p - +0 pair of gloves
Will    .....                   (no boots)
Stlth   +.........              (no amulet)
HPRegen 0.20/turn               u - +6 ring of strength
MPRegen 0.11/turn               (no ring)

@: no status effects
A: no striking features
a: Renounce Religion, Receive Corpses


You were on level 6 of the Dungeon.
You worshipped Kikubaaqudgha.
Kikubaaqudgha was most pleased with you.
You visited 1 branch of the dungeon, and saw 6 of its levels.

You collected 308 gold pieces.

Inventory:

Hand Weapons
 a - a +0 war axe (weapon)
Missiles
 x - a throwing net
Armour
 b - a +0 scale mail
 c - a +0 buckler (worn)
 p - a +0 pair of gloves (worn)
 q - the +0 helmet of Chimes (worn) {rCorr Str+3 Dex+4}
   (You found it on level 4 of the Dungeon)

   Str:       It affects your strength (+3).
   Dex:       It affects your dexterity (+4).
   rCorr:     It protects you from acid and corrosion.
 r - a +0 leather armour
 t - a +0 ring mail (worn)
Jewellery
 u - a +6 ring of strength (left hand)
Wands
 s - a wand of polymorph (13)
 y - a wand of iceblast (4)
Scrolls
 f - 2 scrolls of enchant armour {unknown}
 g - 9 scrolls of identify {unknown}
 i - a scroll of fear {unknown}
 j - 4 scrolls of magic mapping {unknown}
 k - a scroll of holy word {unknown}
 l - a scroll of brand weapon {unknown}
 m - a scroll of summoning {unknown}
 n - a scroll of torment {unknown}
 w - 2 scrolls of teleportation {unknown}
 z - 3 scrolls of enchant weapon {unknown}
Potions
 d - a potion of might
 e - 2 potions of attraction {unknown}
 h - a potion of invisibility {unknown}
 o - a potion of lignification {unknown}
 v - 4 potions of curing {unknown}


   Skills:
 + Level 5.1 Fighting
 + Level 6.7 Axes
 + Level 4.7 Armour
 + Level 0.9 Dodging
 + Level 0.6 Stealth
 + Level 4.2 Shields
 + Level 1.8 Spellcasting
 + Level 2.4 Necromancy


You had 7 spell levels left.
You knew the following spells:

 Your Spells              Type           Power      Damage    Failure   Level
a - Pain                  Necr           16%        1d4       26%         1
b - Animate Skeleton      Necr           8%         N/A       26%         1

Your spell library contained the following spells:

 Spells                   Type           Power      Damage    Failure   Level
 Corpse Rot               Necr/Air       4%         N/A       54%         2
 Vampiric Draining        Necr           4%         2d6       58%         3
 Ozocubu's Armour         Ice            0%         N/A       90%         3
 Animate Dead             Necr           2%         N/A       94%         4
 Dispel Undead            Necr           4%         3d7       94%         4
 Anguish                  Hex/Necr       1%         N/A       99%         4
 Agony                    Necr           4%         N/A       100%        5
 Excruciating Wounds      Necr           2%         N/A       100%        5
 Death Channel            Necr           2%         N/A       100%        6
 Ozocubu's Refrigeration  Ice            0%         4d5       100%        7


Dungeon Overview and Level Annotations

Branches:
Dungeon (6/15)             Temple (0/1) D:4

Altars:
Kikubaaqudgha
Beogh

Annotations:
D:4 3 runed translucent doors, cbfl8's ghost, novice MiDe


Message History

You closely miss the sky beast.
The sky beast is moderately wounded.
You miss the hound. The hound bites you but does no damage.
The sky beast flickers out of sight!
Deactivating autopickup; reactivate with Ctrl-A.
Something hits you but does no damage. The hound bites you.
You block something's attack.
You closely miss something. You barely miss the hound.
The hound bites you but does no damage. The hound barely misses you.
Something hits you. Something shocks you.
You hit something. You closely miss the hound.
The hound bites you but does no damage. Something hits you.
Something shocks you. The hound bites you but does no damage.
You closely miss something. You hit the hound. The hound bites you.
A sky beast appears from thin air!
Reactivating autopickup.
The sky beast closely misses you. The hound bites you but does no damage.
You slash the sky beast!
The sky beast is almost dead.
You closely miss the hound. The sky beast hits you. The sky beast shocks you.
* * * LOW HITPOINT WARNING * * *
The hound bites you but does no damage.
You completely miss the sky beast.
The sky beast is almost dead.
You miss the hound. The hound bites you but does no damage.
The sky beast barely misses you. The hound bites you.
* * * LOW HITPOINT WARNING * * *
The sky beast hits you.
* * * LOW HITPOINT WARNING * * *
The sky beast shocks you.
* * * LOW HITPOINT WARNING * * *
Okay, then.
You hit the sky beast.
The sky beast is almost dead.
You closely miss the hound. The hound bites you but does no damage.
The hound bites you.
* * * LOW HITPOINT WARNING * * *
The sky beast hits you.
You die...
Kikubaaqudgha rasps: "You have failed me!
Welcome... death!"

##...... ##.......
##......# # ##.....#
#####......#
.##........####
..............##### .
..................##....
#.......^...###.@Y......
##....###...# ###h......
.#..### #...# .......
...## #...# ....... #.##
#.#.# ....##. #.# #.##.
.[#.# ## ....# ### .


You could see a sky beast and a hound.

Vanquished Creatures
  An ogre (D:5)
  A phantom (D:5)
  A bullfrog (D:6)
  2 scorpions
  A centaur zombie (D:5)
  2 hounds
  2 iguanas (D:5)
  Jessica (D:3)
  A hound zombie (D:5)
  3 gnolls (D:5)
  2 adders (D:2)
  A white imp (D:5)
  2 ufetubi
  3 worms
  5 dart slugs
  11 orcs
  6 ball pythons
  4 bats
  11 endoplasms
  7 giant cockroaches
  8 goblins
  6 hobgoblins
  7 jackals (D:1)
  3 quokkas
  4 frilled lizards
  6 kobolds
  5 rats
106 creatures vanquished.

Vanquished Creatures (others)
  7 plants (D:1)
  9 withered plants (D:1)
16 creatures vanquished.

Grand Total: 122 creatures vanquished

Notes
Turn   | Place    | Note
-------+----------+-------------------------------------------
     0 | D:1      | Minsecho the Hill Orc Fighter began the quest for the Orb.
     0 | D:1      | Reached XP level 1. HP: 19/19 MP: 1/1
    82 | D:1      | Reached XP level 2. HP: 10/27 MP: 2/2
   467 | D:1      | Reached skill level 3 in Axes
   657 | D:1      | Found a faded altar of an unknown god.
  1224 | D:1      | Reached XP level 3. HP: 33/33 MP: 3/3
  1362 | D:1      | Prayed at the altar of an unknown god.
  1362 | D:1      | Became a worshipper of Kikubaaqudgha
  1362 | D:1      | Reached * piety under Kikubaaqudgha
  1362 | D:1      | Received a gift from Kikubaaqudgha
  1632 | D:2      | Reached XP level 4. HP: 40/40 MP: 4/4
  1832 | D:2      | You fall into a shaft and drop 2 floors!
  1836 | D:4      | Noticed a scorpion
  1890 | D:3      | Reached ** piety under Kikubaaqudgha
  2015 | D:3      | Noticed Jessica
  2031 | D:3      | Killed Jessica
  2130 | D:2      | Reached XP level 5. HP: 46/46 MP: 5/5
  2141 | D:2      | Reached skill level 4 in Axes
  2925 | D:4      | Reached skill level 1 in Necromancy
  2980 | D:4      | Identified the +0 helmet of Chimes {rCorr Str+3 Dex+4}
  3083 | D:4      | Reached skill level 5 in Axes
  3083 | D:4      | Reached skill level 1 in Spellcasting
  3083 | D:4      | Reached XP level 6. HP: 20/53 MP: 7/7
  3370 | D:4      | Learned a level 1 spell: Pain
  3372 | D:4      | Learned a level 1 spell: Animate Skeleton
  3503 | D:4      | Found a staircase to the Ecumenical Temple.
  3529 | D:4      | Found a runed translucent gate.
  3529 | D:4      | Found a runed translucent gate.
  3530 | D:4      | Found a runed translucent gate.
  3531 | D:4      | Identified the +11 spear of Gloom {protect, *Slow rElec
                  | rPois Will+++}
  3533 | D:4      | Noticed cbfl8's ghost (novice MiDe)
  3534 | D:4      | Found a roughly hewn altar of Beogh.
  3698 | D:5      | Entered Level 5 of the Dungeon
  3984 | D:5      | Reached XP level 7. HP: 39/60 MP: 7/9
  3992 | D:5      | Reached skill level 6 in Axes
  4410 | D:5      | Reached *** piety under Kikubaaqudgha
  4410 | D:5      | Received a gift from Kikubaaqudgha
  4526 | D:5      | Got the Incunabulum of Flying Unholy Magic
  4786 | D:6      | Reached skill level 5 in Fighting
  4936 | D:6      | HP: 1/61 [hound (5)]
  4936 | D:6      | Slain by a sky beast

Illustrated notes

Levels and vault maps discovered:
D:1:      erik_arrival_cave_to_civilisation [erik_arrival_cave_to_hall],
          layout_basic, shapermc_ecumenical_altar_flowoftime
D:2:      layout_rooms, minmay_worlds_worst_comb
D:3:      layout_loops_cross, chequers_serial_rivers_micro_c, st_stairs_8,
          uniq_jessica
D:4:      layout_rooms, minmay_temple_entry_overgrown,
          biasface_ghost_orc_armoury, minmay_misc_feat_more_columns
D:5:      layout_loops_ring, item_on_display_a
D:6:      layout_layer_cave, kennysheep_generic_room_10

Skill      XL: |  1  2  3  4  5  6  7 |
---------------+----------------------+-----
Fighting       | 4 5 |  5.1
Axes           | 3 5 6 |  6.7
Armour         | 4 |  4.7
Shields        | 4 |  4.2
Necromancy     | 1 2 |  2.4
Spellcasting   | 1 |  1.8
Dodging        | |  0.9
Stealth        | |  0.6

Action                   |  1- 3 |  4- 6 |  7- 9 || total
-------------------------+-------+-------+-------++-------
Melee: War axe           |   106 |   152 |    65 ||   323
 Cast: Pain              |       |       |     1 ||     1
  Use: Potion            |       |     1 |       ||     1
 Stab: Sleeping          |       |     1 |       ||     1
Armor: Scale mail        |    59 |    47 |       ||   106
       Leather armour    |       |     4 |       ||     4
       Ring mail         |       |     2 |    36 ||    38
Dodge: Dodged            |    37 |    63 |    43 ||   143
Block: Buckler           |    26 |    34 |    17 ||    77
